 Dungeon Crawl Stone Soup version 0.28.0-53-g5a82cb258f (webtiles) character file.

Game seed: 7770886010437290164

16 GigaChad the Grave Robber (level 2, -1/15 HPs)
             Began as a Vampire Necromancer on Aug 19, 2022.
             Slain by a kobold
             ... wielding a +0 short sword
              (5 damage)
             ... on level 1 of the Dungeon.
             The game lasted 00:03:56 (991 turns).

GigaChad the Grave Robber (Vampire Necromancer)      Turns: 991, Time: 00:03:56

Health: -1/15      AC:  2    Str:  7    XL:     2   Next: 41%
Magic:  3/5        EV: 12    Int: 17    God:
Gold:   0          SH:  5    Dex: 14    Spells: 4/5 levels left

rFire   . . .      SeeInvis +   d - +0 short sword
rCold   + + .      Faith    .   (no shield)
rNeg    + + +      Spirit   .   a - +0 robe
rPois   ∞          Reflect  +   (no helmet)
rElec   .          Harm     .   (no cloak)
rCorr   .          Rampage  .   (no gloves)
Will    .....                   (no boots)
Stlth   ++++......              c - amulet of reflection
HPRegen 0.00/turn               (no ring)
MPRegen 0.09/turn               (no ring)

@: bloodless, inhibited regen
A: bloodless, fangs 3, see invisible, vampiric 1
a: Revivify


You were on level 1 of the Dungeon.
You visited 1 branch of the dungeon, and saw 1 of its levels.

Inventory:

Hand Weapons
 d - a +0 short sword (weapon)
Armour
 a - a +0 robe (worn)
Jewellery
 c - an amulet of reflection (around neck)
Potions
 b - a potion of flight {unknown}


   Skills:
 + Level 2.4 Dodging
 + Level 3.0 Stealth
 + Level 2.0 Spellcasting
 + Level 5.0 Necromancy


You had 4 spell levels left.
You knew the following spells:

 Your Spells              Type           Power      Damage    Failure   Level
a - Pain                  Necr           72%        1d7       2%          1

Your spell library contained the following spells:

 Spells                   Type           Power      Damage    Failure   Level
 Animate Skeleton         Necr           36%        N/A       2%          1
 Vampiric Draining        Necr           18%        2d7       8%          3
 Animate Dead             Necr           9%         N/A       24%         4
 Agony                    Necr           18%        N/A       56%         5


Dungeon Overview and Level Annotations

Branches:
Dungeon (1/15)

Altars:


Innate Abilities, Weirdness & Mutations

You do not regenerate when monsters are visible.
You are frail without blood (-20% HP).
You can heal yourself when you bite living creatures.
You are immune to poison.
You have razor-sharp teeth.
You have supernaturally acute eyesight. (SInv)
You are afflicted with vampirism.


Message History

You barely miss the kobold. The kobold hits you but does no damage.
You hit the kobold.
You kill the kobold!
Your Necromancy skill increases to level 5!
Things that are here:
a +0 short sword; a kobold corpse You open the door.
There is an open door here.
A hobgoblin and a goblin come into view.
Aiming: Pain (safe; 2% risk of failure)
Press: ? - help, Q - select action Shift-Dir - straight line Nothing appears to happen.
Aiming: Pain (safe; 2% risk of failure)
Press: ? - help, Q - select action Shift-Dir - straight line, f - goblin
Aim: a goblin, wielding a +0 dagger (wandering, hasn't noticed you, chance to affect: 88%)
The goblin shouts!
The goblin writhes in agony!
You kill the goblin!
The hobgoblin shouts!
Found a stone staircase leading down.
A kobold comes into view. It is wielding a +0 short sword.
You closely miss the hobgoblin.
The kobold shouts!
Your bite misses the hobgoblin.
An endoplasm comes into view.
The hobgoblin hits you.
You hit the hobgoblin.
The hobgoblin is lightly wounded.
The hobgoblin hits you.
You hit the hobgoblin.
The hobgoblin is moderately wounded.
The hobgoblin misses you.
You hit the hobgoblin.
The hobgoblin is almost dead.
The hobgoblin hits you.
* * * LOW HITPOINT WARNING * * *
You hit the hobgoblin.
You kill the hobgoblin!
The kobold hits you with a +0 short sword.
You die...

..> #.# #.# #.# ##+#)#
#.# ##....#######.#
##....J... ...#
##.......## ##.##
#....K....####...#####
+....@....'....)......
#.........##.......###
##.......###.##.##.#
##.....## #.##.##.#
##...## #....##.#
##+## #..####.# #..#
#.# #.[####.#
#.......#


You could see an endoplasm and a kobold.

Vanquished Creatures
  A bat (D:1)
  2 endoplasms (D:1)
  A giant cockroach (D:1)
  2 hobgoblins (D:1)
  3 kobolds (D:1)
  2 ball pythons (D:1)
  2 goblins (D:1)
  A rat (D:1)
14 creatures vanquished.

Notes
Turn   | Place    | Note
-------+----------+-------------------------------------------
     0 | D:1      | GigaChad the Vampire Necromancer began the quest for the
                  | Orb.
     0 | D:1      | Reached XP level 1. HP: 13/13 MP: 3/3
   809 | D:1      | Reached XP level 2. HP: 15/15 MP: 3/5
   973 | D:1      | Reached skill level 5 in Necromancy
   991 | D:1      | Slain by a kobold

Illustrated notes

Levels and vault maps discovered:
D:1:      dpeg_arrival_rooms_a, layout_loops_corners,
          ebering_ecumenical_altar_petrified, serial_bayou_pond_b,
          minmay_misc_feat_hallway

Skill      XL: |  1  2 |
---------------+-------+-----
Necromancy     | 5 |  5.0
Dodging        | |  2.4
Stealth        | |  3.0
Spellcasting   | |  2.0

Action                   || total
-------------------------++-------
Melee: Unarmed           ||    29
       Bite              ||     8
       Punch             ||     1
       Short sword       ||     7
 Cast: Pain              ||    14
 Abil: Exsanguinate      ||     1
Armor: Robe              ||     8
Dodge: Dodged            ||    18
Block: Other             ||     7
